cohdb
Replays
Latest Replays
All Replays
Popular Replays
Top Player Replays
Match Explorer
How It Works
Community
CoH3 Stats
Reddit
Sign in to upload your games and track your stats! →
Sign in with Steam
Match 45879576
Unlisted
Match 45879576
Overview
Messages
Build Orders
End
Selects Armored Battlegroup
Selects Assault Engineers
Assault Engineer Squad
Construct Weapon Support Center
Assault Engineer Squad
M1919 Machine Gun Team
Mechanized Support Center
M3 Armored Personnel Carrier
Selects Fast Deploy
Assault Engineer Squad
Construct Motor Pool
M1 Anti-tank Gun Team
M8 Greyhound Armored Car
Designate Forward Repair Station
Improvised Armor
Selects M8 Scott SPG
M8 Scott SPG
Construct Medical Station
Selects Field Repairs
M1919 Machine Gun Team
Assault Engineer Squad
M1919 Machine Gun Team
Mortar Pit
Construct Tank Depot
M1 Anti-tank Gun Team
Selects War Machine
Selects UNKNOWN (2160077)
M4A3E8 Sherman Easy Eight
Assault Engineer Squad
M3 Armored Personnel Carrier
M4A3E8 Sherman Easy Eight
Designate Forward Repair Station
Salvage Crew
M1 Anti-tank Gun Team
Bazooka Squad
M4A3E8 Sherman Easy Eight
Tr1kster
Shutterstock
移不动
XuZhongwei
866
上海交大周杰伦
0
0
Comments
sign in to comment!
No comments posted yet!